 Dungeon Crawl Stone Soup version 0.31-a0-180-g519b7de00c (webtiles) character file.

Game seed: 12746498631835141896

347 AvylaarBelgium the Conjurer (level 6, 0/32 HPs)
             Began as a Deep Elf Conjurer on June 20, 2023.
             Succumbed to an orc wizard's poison
             ... on level 3 of the Dungeon.
             The game lasted 00:04:51 (1599 turns).

AvylaarBelgium the Conjurer (Deep Elf Conjurer)     Turns: 1599, Time: 00:04:52

Health: 0/32       AC:  3    Str:  2 (4)  XL:     6   Next: 32%
Magic:  6/17       EV: 12    Int: 24 (25) God:
Gold:   87         SH:  0    Dex: 11 (13) Spells: 15/18 levels left

rFire   + . .        j - +4 dagger
rCold   + . .        (no shield)
rNeg    . . .        a - +0 robe
rPois   +            (no helmet)
rElec   +            (no cloak)
rCorr   +            c - +0 pair of gloves
SInv    .            (no boots)
Will    .....        (no amulet)
Stlth   ++           (no ring)
HPRegen 0.25/turn    (no ring)
MPRegen 0.15/turn

%: no passive effects
@: lethally poisoned (0 -> -4), resistant
A: no striking features
a: no special abilities


You were on level 3 of the Dungeon.
You visited 1 branch of the dungeon, and saw 3 of its levels.

You collected 87 gold pieces.

Inventory:

Hand Weapons
 e - a +0 short sword
 f - a +0 dagger of venom
 j - a +4 dagger (weapon)
Missiles
 o - 3 poisoned darts
Armour
 a - a +0 robe (worn)
 c - a +0 pair of gloves (worn)
 g - a +0 kite shield
Scrolls
 d - 2 scrolls of identify {unknown}
 i - 3 scrolls of poison {unknown}
 n - 2 scrolls of teleportation {unknown}
Potions
 b - a potion of magic
 k - a potion of might
 l - a potion of enlightenment {unknown}
 m - a potion of degeneration


   Skills:
 - Level 2.4 Dodging
 - Level 2.4 Stealth
 + Level 6.7 Spellcasting
 + Level 6.7 Conjurations


You had 15 spell levels left.
You knew the following spells:

 Your Spells              Type           Power      Damage    Failure   Level
a - Magic Dart            Conj           100%       1d8       1%          1
b - Searing Ray           Conj           80%        2d7       1%          2

Your spell library contained the following spells:

 Spells                   Type           Power      Damage    Failure   Level
 Dazzling Flash           Conj/Hex       48%        N/A       5%          3
 Fulminant Prism          Conj/Hex       12%        3d8       19%         4
 Iskenderun's Mystic Bla  Conj/Tloc      24%        2d7       19%         4
 Animate Dead             Necr           8%         N/A       58%         4
 Borgnjor's Vile Clutch   Necr/Erth      4%         N/A       90%         5
 Death Channel            Necr           4%         N/A       100%        6


Dungeon Overview and Level Annotations

Branches:
Dungeon (3/15)

Altars:

Shops:
D:1 =

Annotations:
D:1 exclusion: downstairs


Message History

A magic dart appears from out of thin air!
The magic dart hits you.
* * * LOW HITPOINT WARNING * * *
Casting: Searing Ray (safe; 1% risk of failure)
Confirm with . or Enter, or press ? or * to list all spells.
Aiming: Searing Ray (safe; 1% risk of failure)
Press: ? - help, Shift-Dir - straight line, f - orc
Aim: an orc, wielding a +0 whip and wearing a +0 ring mail (84% to hit)
The searing ray hits something!
Reactivating autopickup.
You feel a bit more experienced.
The searing ray hits the orc!
The orc is almost dead. (Press . to maintain the ray.)
* * * LOW HITPOINT WARNING * * *
You feel very sick. The orc misses you. The orc attacks as you move away!
The orc closely misses you.
* * * LOW HITPOINT WARNING * * *
You feel sick.
Casting: Searing Ray (safe; 1% risk of failure)
Confirm with . or Enter, or press ? or * to list all spells.
Aiming: Searing Ray (safe; 1% risk of failure)
Press: ? - help, Shift-Dir - straight line, f/p - orc
Aim: an orc, wielding a +0 whip and wearing a +0 ring mail (almost dead, 84% to hit)
The searing ray hits the orc!
You kill the orc!
The searing ray hits the orc!
You kill the orc! (Press . to maintain the ray.)
* * * LOW HITPOINT WARNING * * *
You feel sick.
It was a potion of degeneration.
There was something very wrong with that liquid.
You feel weakened.
You feel dopey.
You feel clumsy.
* * * LOW HITPOINT WARNING * * *
You feel sick.
Unknown command.
It was a potion of resistance.
You feel protected.
You die...

#. ..# #.### ###.#
#.... #...
.....##[#########.
#...<##........
#.......######
#..###..†......
##..##########.
##@#### #)...#
.......)...o...
.$...)......###
.......#...##
....... [..#
####### ...# ####


You could see an orc.

Vanquished Creatures
  Sigmund (D:2)
  Terence (D:2)
  An orc wizard (D:3)
  Natasha (twice) (D:2)
  4 gnolls (D:2)
  A dart slug (D:2)
  3 orcs (D:3)
  4 endoplasms (D:1)
  A giant cockroach (D:1)
  2 hobgoblins
  4 jackals (D:1)
  3 quokkas
  4 ball pythons
  6 bats
  3 frilled lizards
  3 goblins (D:1)
  4 kobolds
  3 rats
50 creatures vanquished.

Notes
Turn   | Place    | Note
-------+----------+-------------------------------------------
     0 | D:1      | AvylaarBelgium the Deep Elf Conjurer began the quest for
                  | the Orb.
     0 | D:1      | Reached XP level 1. HP: 10/10 MP: 6/6
   184 | D:1      | Reached XP level 2. HP: 15/15 MP: 1/8
   570 | D:1      | Found Sueloa's Jewellery Shoppe.
   733 | D:1      | Reached skill level 5 in Conjurations
   733 | D:1      | Reached XP level 3. HP: 19/19 MP: 8/10
   937 | D:2      | Noticed Sigmund
   951 | D:2      | Killed Sigmund
   952 | D:2      | Reached skill level 5 in Spellcasting
   952 | D:2      | Reached XP level 4. HP: 17/24 MP: 0/13
   952 | D:2      | Reached XP level 5. HP: 19/28 MP: 0/15
  1008 | D:2      | Noticed Natasha
  1019 | D:2      | Killed Natasha
  1150 | D:2      | Noticed Natasha
  1223 | D:2      | Noticed Terence
  1231 | D:2      | Killed Terence
  1284 | D:2      | Reached XP level 6. HP: 32/32 MP: 4/17
  1436 | D:2      | Killed Natasha
  1440 | D:2      | Learned a level 2 spell: Searing Ray
  1598 | D:3      | HP: 1/32 [poisoned by an orc wizard]
  1599 | D:3      | Succumbed to an orc wizard's poison

Illustrated notes

Levels and vault maps discovered:
D:1:      ldierk_walled_garden_2, layout_loops_ring, serial_shops,
          nicolae_shop_tiny_statue_garden, minmay_indecisive_spiral
D:2:      layout_rooms, grunt_decor_arrowhead, uniq_terence, uniq_natasha,
          uniq_sigmund
D:3:      layout_rooms

Skill      XL: |  1  2  3  4  5 |
---------------+----------------+-----
Spellcasting   | 4 5 6 |  6.7
Conjurations   | 5 6 |  6.7
Dodging        | |  2.4
Stealth        | |  2.4

Action                     |  1- 3 |  4- 6 || total
---------------------------+-------+-------++-------
  Melee: Unarmed           |     9 |       ||     9
         Dagger            |     1 |     2 ||     3
   Cast: Magic Dart        |    59 |    57 ||   116
         Searing Ray       |       |     3 ||     3
    Use: Potion            |     4 |     2 ||     6
 Armour: Robe              |     3 |     3 ||     6
         Skin              |     3 |     2 ||     5
  Dodge: Dodged            |    16 |    10 ||    26

Table legend: (Time is in decaauts)
 A = Elapsed time spent in this place.
 B = Non-inter-level travel time spent in this place.
 C = Inter-level travel time spent in this place.
 D = Time resting spent in this place.
 E = Time spent auto-exploring this place.
 F = Levels seen in this place.
 G = Mean time per level.
                   A        B        C        D        E       F      G
               +--------+--------+--------+--------+--------+-----+--------+
         Total |   1598 |   1480 |    118 |    176 |    963 |   3 |  532.7 |
       Dungeon |   1598 |   1480 |    118 |    176 |    963 |   3 |  532.7 |
               +--------+--------+--------+--------+--------+-----+--------+

Top non-repeatable levels by time:
     D:1: 925 daAuts
     D:2: 645 daAuts
     D:3: 27 daAuts
